 Dungeon Crawl Stone Soup version 0.20.0-8-g6b59dc7 (webtiles) character file.

116 Gargoyl the Skirmisher (level 5, -2/46 HPs)
             Began as a Ghoul Abyssal Knight on May 30, 2017.
             Was a Follower of Lugonu.
             Slain by Crazy Yiuf
             ... wielding a +2 quarterstaff of chaos
              (5 damage)
             ... on level 2 of the Dungeon.
             The game lasted 00:03:52 (1597 turns).

Gargoyl the Skirmisher (Ghoul Abyssal Knight)       Turns: 1597, Time: 00:03:53

Health: -2/46      AC: 11    Str: 16    XL:     5   Next: 1%
Magic:  6/6        EV:  7    Int:  7    God:    Lugonu [*.....]
Gold:   123        SH:  0    Dex:  9    Spells: 4/4 levels left

rFire    + . .     SeeInvis .   a - +1 hand axe
rCold    + . .     Gourm    .   (no shield)
rNeg     + + +     Faith    .   d - +0 chain mail {rF+}
rPois    ∞         Spirit   .   (no helmet)
rElec    .         Reflect  .   (no cloak)
rCorr    .         Harm     .   o - +1 pair of gloves
MR       .....                  (no boots)
Stlth    ..........             f - amulet of regeneration
Regen    0.0/turn               (no ring)
MPRegen  0.1/turn               (no ring)

@: about to teleport, rotting, hasted, very quick
A: rotting body, claws 1, carnivore 3, cold resistance 1, negative energy
resistance 3, inhibited regeneration, torment resistance, unbreathing
a: Depart the Abyss, Renounce Religion


You were on level 2 of the Dungeon.
You worshipped Lugonu.
Lugonu was aware of your devotion.
You were not hungry.

You visited 1 branch of the dungeon, and saw 2 of its levels.
You visited the Abyss 1 time.

You collected 123 gold pieces.

Inventory:

Hand Weapons
 a - a +1 hand axe (weapon)
Missiles
 n - 6 tomahawks (quivered)
Armour
 d - a +0 chain mail of fire resistance (worn)
 o - a +1 pair of gloves (worn)
Jewellery
 f - an amulet of regeneration (around neck)
Scrolls
 l - 2 scrolls of blinking
 q - a scroll of magic mapping
Potions
 e - a potion of might {unknown}
 g - 2 potions of berserk rage {unknown}
 h - 3 potions of curing {unknown}
 j - a potion of ambrosia {unknown}
 k - a potion of degeneration {unknown}
 m - a potion of haste {unknown}
 p - a potion of resistance {unknown}
 r - a potion of agility {unknown}
Comestibles
 b - a royal jelly
 c - a meat ration
 i - 8 chunks of flesh


   Skills:
 + Level 3.7 Fighting
 + Level 2.5 Axes
 * Level 3.2 Armour
 + Level 1.1 Dodging
 * Level 3.0 Invocations


You had 4 spell levels left.
You didn't know any spells.

Dungeon Overview and Level Annotations

Branches:
Dungeon (2/15)

Altars:

Annotations:
D:2 Crazy Yiuf


Innate Abilities, Weirdness & Mutations

Your body is rotting away.
You thrive on raw meat.
You are immune to poison.
You have sharp fingernails.
You are carnivorous and can eat meat at any time.
Your flesh is cold resistant. (rC+)
You are immune to negative energy. (rN+++)
You do not regenerate when monsters are visible.
You are immune to unholy pain and torment.
You can survive without breathing.


Message History

Crazy Yiuf hits you with a quarterstaff of chaos!
You are electrocuted!
You hit Crazy Yiuf.
Crazy Yiuf is almost dead.
You hit Crazy Yiuf but do no damage.
Crazy Yiuf is almost dead.
Crazy Yiuf hits you but does no damage.
You hit Crazy Yiuf but do no damage.
Crazy Yiuf is almost dead.
Crazy Yiuf hits you but does no damage.
You feel strangely unstable.
Your chain mail prevents you from hitting Crazy Yiuf.
Crazy Yiuf is almost dead.
You barely miss Crazy Yiuf.
Crazy Yiuf is almost dead.
Crazy Yiuf hits you but does no damage.
You are electrocuted!
* * * LOW HITPOINT WARNING * * *
You hit Crazy Yiuf but do no damage.
Crazy Yiuf is severely wounded.
Crazy Yiuf hits you with a quarterstaff of chaos.
You die...

##### #..)#
#...# #.g.#
#@# ♣♣.♣
############
♣.♣♣
#..........#
♣♣.♣
#..........#
♣.♣♣
#..........#
♣♣.♣♣
##...(.....#
♣...♣♣
#.........#
♣....♣
#.........#
#....#
#.........#


You could see Crazy Yiuf.

Vanquished Creatures
  Jessica (D:2)
  5 adders (D:2)
  An ooze (D:1)
  A worm (D:2)
  A dart slug (D:1)
  A leopard gecko (D:1)
  2 giant cockroaches (D:2)
  5 goblins
  3 hobgoblins
  3 kobolds
  2 quokkas (D:2)
  A ball python (D:2)
  2 bats (D:2)
  8 frilled lizards (D:1)
  2 rats (D:1)
38 creatures vanquished.

Notes
Turn   | Place    | Note
-------+----------+-------------------------------------------
     0 | Abyss:1  | Gargoyl the Ghoul Abyssal Knight began the quest for the Orb.
     0 | Abyss:1  | Reached XP level 1. HP: 19/19 MP: 1/1
    22 | Abyss:1  | Found an ancient bone altar of Kikubaaqudgha.
   101 | Abyss:1  | Noticed a large abomination
   107 | Abyss:1  | Noticed a hippogriff
   107 | Abyss:1  | Noticed a komodo dragon
   107 | Abyss:1  | a hippogriff changed into a komodo dragon
   115 | Abyss:1  | Noticed an insubstantial wisp
   143 | D:1      | Escaped the Abyss
   495 | D:1      | Reached skill level 1 in Dodging
   516 | D:1      | Reached XP level 2. HP: 26/26 MP: 2/2
   523 | D:1      | Reached * piety under Lugonu
   729 | D:1      | Reached XP level 3. HP: 31/31 MP: 3/3
  1163 | D:2      | Reached XP level 4. HP: 26/38 MP: 5/5
  1401 | D:2      | Noticed Jessica
  1414 | D:2      | Killed Jessica
  1427 | D:2      | Reached XP level 5. HP: 11/46 MP: 6/6
  1578 | D:2      | Found a runed door.
  1582 | D:2      | Noticed Crazy Yiuf
  1597 | D:2      | Slain by Crazy Yiuf

Skill      XL: |  1  2  3  4 |
---------------+-------------+-----
Dodging        | 1 |  1.1
Armour         | 2 3 |  3.2
Axes           | 2 |  2.5
Invocations    | 3 |  3.0
Fighting       | |  3.7

Action                   |  1- 3 |  4- 6 || total
-------------------------+-------+-------++-------
Melee: Hand axe          |    74 |    68 ||   142
Invok: Depart the Abyss  |     1 |       ||     1
  Use: Scroll            |     5 |     2 ||     7
  Eat: Chunk             |     5 |     8 ||    13
Armor: Ring mail         |     2 |       ||     2
       Scale mail        |    26 |       ||    26
       Chain mail        |    28 |    60 ||    88
Dodge: Dodged            |    41 |    20 ||    61
